 Dungeon Crawl Stone Soup version 0.27.1 (webtiles) character file.

Game seed: 17690907356799065799

132 acemry the Firebug (level 4, -25/24 HPs)
             Began as a Deep Elf Fire Elementalist on Sept 3, 2021.
             Was an Initiate of Vehumet.
             Annihilated by an ogre (29 damage)
             ... on level 4 of the Dungeon.
             The game lasted 00:08:23 (3005 turns).

acemry the Firebug (Deep Elf Fire Elementalist)     Turns: 3005, Time: 00:08:24

Health: -25/24     AC:  5    Str:  5    XL:     4   Next: 92%
Magic:  7/10       EV: 12    Int: 21    God:    Vehumet [......]
Gold:   163        SH:  0    Dex: 15    Spells: 4/9 levels left

rFire    . . .     SeeInvis .   d - +1 dagger
rCold    . . .     Faith    .   (no shield)
rNeg     . . .     Spirit   .   a - +0 robe
rPois    .         Reflect  .   (no helmet)
rElec    .         Harm     .   (no cloak)
rCorr    .         Rampage  .   e - +2 pair of gloves
Will     .....                  (no boots)
Stlth    ++........             (no amulet)
HPRegen  0.08/turn              i - ring of ice
MPRegen  0.12/turn              f - ring of fire

@: no status effects
A: no striking features
a: Renounce Religion


You were on level 4 of the Dungeon.
You worshipped Vehumet.
Vehumet was noncommittal.
You visited 2 branches of the dungeon, and saw 5 of its levels.

You collected 163 gold pieces.

Inventory:

Hand Weapons
 d - a +1 dagger (weapon)
Armour
 a - a +0 robe (worn)
 b - a +0 pair of gloves
 e - a +2 pair of gloves (worn)
Jewellery
 f - a ring of fire (right hand)
 g - a ring of willpower
 h - a ring of positive energy
 i - a ring of ice (left hand)
 l - a ring of willpower
Scrolls
 j - 2 scrolls of magic mapping {unknown}
 k - a scroll of fear {unknown}
 n - a scroll of blinking {unknown}
 o - a scroll of teleportation {unknown}
 p - a scroll of fog {unknown}
 q - a scroll of enchant armour {unknown}
 r - a scroll of identify
Potions
 c - a potion of mutation {unknown}
 m - a potion of brilliance {unknown}


   Skills:
 - Level 2.4 Dodging
 - Level 2.4 Stealth
 - Level 3.0 Spellcasting
 + Level 2.5 Conjurations
 + Level 5.7 Fire Magic


You had 4 spell levels left.
You knew the following spells:

 Your Spells              Type           Power      Damage    Failure   Level
a - Foxfire               Conj/Fire      100%       2x1d9     2%          1
b - Sticky Flame          Conj/Fire      30%        2d5       24%         4

Your spell library contained the following spells:

 Spells                   Type           Power      Damage    Failure   Level
 Conjure Flame            Conj/Fire      30%        6-21      8%          3
 Inner Flame              Hex/Fire       22%        N/A       12%         3
 Ignite Poison            Fire/Tmut/Pois 16%        N/A       19%         3
 Sublimation of Blood     Necr           1%         N/A       21%         2
 Wereblood                Tmut           3%         N/A       21%         2
 Fireball                 Conj/Fire      15%        3d8       56%         5
 Summon Hydra             Summ           1%         N/A       100%        7


Dungeon Overview and Level Annotations

Branches:
Dungeon (4/15)             Temple (1/1) D:4

Altars:
Ashenzari
Cheibriados
Dithmenos
Elyvilon
Gozag
Hepliaklqana
Makhleb
Nemelex Xobeh
Okawaru
Qazlal
Sif Muna
Trog
Vehumet
Zin
The Shining One


Message History

p - a scroll labelled XYSOWOV POHI
Things that are here:
a +0 leather armour; a hobgoblin corpse
Found a stone staircase leading down.
Found a leather armour.
Found a stone staircase leading down.
Found a scroll labelled LORARY SYOMP.
q - a scroll labelled LORARY SYOMP
Found a scroll of identify.
r - a scroll of identify
Found 22 stones.
An ogre comes into view. It is wielding a +0 giant spiked club.
Found a lumpy dark potion.
The ogre shouts!
The ogre moves out of view.
An ogre is nearby!
You feel a surge of power!
You conjure some foxfire!
The foxfire hits the ogre!
The ogre is moderately wounded.
You feel a surge of power!
You conjure some foxfire!
You feel a surge of power!
There is not enough space to conjure foxfire!
Your foxfire dissipates!
The foxfire hits the ogre.
The ogre is heavily wounded.
You feel a surge of power!
You conjure some foxfire!
The ogre hits you with a +0 giant spiked club!!
Ouch! That really hurt!
* * * LOW HITPOINT WARNING * * *
The foxfire hits the ogre.
The ogre is severely wounded.
The foxfire hits the ogre!
The ogre is almost dead.
Found a scroll of amnesia.
You are too injured to fight recklessly!
Casting: Foxfire (safe; 2% risk of failure)
Confirm with . or Enter, or press ? or * to list all spells.
You feel a surge of power!
You conjure some foxfire!
The ogre hits you with a +0 giant spiked club!!
Ouch! That really hurt!
You die...

## .# .#####
#############
.....#
#...........######
.###.#
#.####............
..##.# #######.##
#.####.#####.
##.#.#
......vO.###.##
#.# #. ##..#
.######@.......
#.# #. ##.####.###
#v....... #.# #.
#.........
....♣....##.# #.
##.####...(
....♣!♣...##(# #.
##..####.#
###...♣♣.♣...#.#
#. ##........#
#.... ♣....... #.
..#..###### #....
?.. #. .##..#
#..... .. #.
.....# #.


You could see an ogre (ally target).

Vanquished Creatures
  Terence (D:3)
  A hound skeleton (D:4)
  4 adders (D:2)
  An ufetubus (D:4)
  A dart slug (D:3)
  3 bats
  10 endoplasms
  5 goblins
  5 hobgoblins
  4 quokkas
  3 ball pythons
  2 frilled lizards (D:1)
  4 kobolds
  6 rats
50 creatures vanquished.

Vanquished Creatures (others)
  130 foxfires
130 creatures vanquished.

Grand Total: 180 creatures vanquished

Notes
Turn   | Place    | Note
-------+----------+-------------------------------------------
     0 | D:1      | acemry the Deep Elf Fire Elementalist began the quest for
                  | the Orb.
     0 | D:1      | Reached XP level 1. HP: 10/10 MP: 6/6
   211 | D:1      | Reached XP level 2. HP: 15/15 MP: 6/8
   220 | D:1      | Reached skill level 4 in Fire Magic
   905 | D:2      | Reached XP level 3. HP: 19/19 MP: 6/9
  1167 | D:2      | Reached skill level 5 in Fire Magic
  1465 | D:2      | Reached XP level 4. HP: 24/24 MP: 8/10
  1685 | D:3      | Found a faded altar of an unknown god.
  1685 | D:3      | Noticed Terence
  1691 | D:3      | Killed Terence
  1780 | D:3      | You fall into a shaft and drop 1 floor!
  1883 | D:3      | Learned a level 4 spell: Sticky Flame
  2367 | D:3      | Found a glowing silver altar of Zin.
  2367 | D:3      | Found an opulent altar of Gozag.
  2622 | D:4      | Found a staircase to the Ecumenical Temple.
  2634 | Temple   | Entered the Ecumenical Temple
  2683 | Temple   | Became a worshipper of Vehumet
  2990 | D:4      | Noticed an ogre
  3005 | D:4      | Annihilated by an ogre

Illustrated notes

Levels and vault maps discovered:
D:1:      lemuel_arrival_muddy, layout_basic, minmay_tromino_i4
D:2:      layout_loops_ring, kennysheep_generic_room_15
D:3:      layout_loops_ring, grunt_temple_overflow_gold_and_silver,
          ebering_ecumenical_altar_sacrificial, st_stairs_6, hex_tiny,
          uniq_terence
D:4:      layout_loops_ring, minmay_temple_entry_antechambers, chequers_garden
Temple:   nicolae_temple_god_jail

Skill      XL: |  1  2  3 |
---------------+----------+-----
Fire Magic     | 4 5 |  5.7
Conjurations   | 2 |  2.5
Dodging        | |  2.4
Stealth        | |  2.4
Spellcasting   | |  3.0

Action                   |  1- 3 |  4- 6 || total
-------------------------+-------+-------++-------
 Cast: Foxfire           |    46 |    42 ||    88
  Use: Scroll            |     3 |       ||     3
Armor: Robe              |       |     4 ||     4
Dodge: Dodged            |     6 |     7 ||    13
